 Dungeon Crawl Stone Soup version 0.23.2-40-g277498a001 (webtiles) character file.

Game seed: 4967697949448480681

2521 potatosalad14 the Insei (level 9, -10/72 HPs)
             Began as a White Draconian Transmuter on Oct 19, 2019.
             Was a Believer of Okawaru.
             Mangled by a wolf (12 damage)
             ... led by Grum
             ... on level 8 of the Dungeon.
             The game lasted 00:14:11 (7259 turns).

potatosalad14 the Insei (DrTm)                      Turns: 7259, Time: 00:14:11

Health: -10/72     AC:  2    Str: 17    XL:     9   Next: 29%
Magic:  11/15      EV: 22    Int: 16    God:    Okawaru [**....]
Gold:   235        SH:  4    Dex: 18    Spells: 6/16 levels left

rFire    + . .     SeeInvis .     - Unarmed
rCold    . . .     Gourm    .   (shield currently unavailable)
rNeg     . . .     Faith    .   (armour unavailable)
rPois    x         Spirit   .   (helmet currently unavailable)
rElec    .         Reflect  +   (cloak currently unavailable)
rCorr    .         Harm     .   (gloves currently unavailable)
MR       .....                  (boots currently unavailable)
Stlth    ++........             A - +4 amulet of reflection
HPRegen  0.22/turn              k - ring of protection from fire
MPRegen  0.14/turn              b - +5 ring of strength

@: spider-form, very slightly contaminated, invisible
A: tiny, (breathe frost), unfitting armour, AC +7
a: End Transformation, Heroism, Renounce Religion


You were on level 8 of the Dungeon.
You worshipped Okawaru.
Okawaru was pleased with you.
You were not hungry.
You were a venomous arachnid creature.
You visited 2 branches of the dungeon, and saw 9 of its levels.

You collected 295 gold pieces.
You spent 60 gold pieces at shops.

Inventory:

Missiles
 a - 136 arrows
Armour
 h - a +1 cloak (melded)
 l - a +2 hat (melded)
 n - a +2 pair of gloves (melded)
Jewellery
 b - a +5 ring of strength (right front leg)
 k - a ring of protection from fire (left front leg)
 m - an uncursed ring of see invisible {unknown}
 A - a +4 amulet of reflection (around neck)
Wands
 x - a wand of random effects (22)
Scrolls
 f - 2 scrolls of magic mapping
 g - a scroll of teleportation
 o - 3 scrolls of remove curse
 q - 3 scrolls of enchant weapon {unknown}
 s - 2 scrolls of amnesia {unknown}
 t - 2 scrolls of fear
 u - a scroll of vulnerability {unknown}
 v - 2 scrolls of immolation {unknown}
 y - a scroll of blinking {unknown}
 B - a scroll of identify
 D - a scroll of brand weapon {unknown}
Potions
 d - a potion of mutation
 i - a potion of resistance {unknown}
 j - a potion of invisibility
 p - a potion of cancellation {unknown}
 r - 2 potions of lignification
 w - a potion of flight {unknown}
 z - a potion of degeneration {unknown}
Comestibles
 c - 11 rations
 C - 9 chunks of flesh


   Skills:
 + Level 4.4 Fighting
 + Level 4.0 Dodging
 * Level 6.5 Unarmed Combat
 + Level 4.0 Spellcasting
 * Level 6.0 Transmutations
 * Level 4.8 Ice Magic
 - Level 4.0 Poison Magic
 + Level 2.7 Invocations


You had 6 spell levels left.
You knew the following spells:

 Your Spells              Type           Power        Failure   Level  Hunger
a - Beastly Appendage     Tmut           ###...       6%          1    None
b - Sticks to Snakes      Tmut           ###.....     8%          2    ##.....
c - Spider Form           Tmut/Pois      ###.......   17%         3    ###....
d - Ice Form              Ice/Tmut       ###.....     38%         4    ####...

Your spell library contained the following spells:

 Spells                   Type           Power        Failure   Level  Hunger
 Blade Hands              Tmut           ###.......   58%         5    ######.


Dungeon Overview and Level Annotations

Branches:
Dungeon (8/15)             Temple (1/1) D:5
   Lair: D:8-11

Altars:
Ashenzari
Cheibriados
Dithmenos
Elyvilon
Fedhas
Gozag
Hepliaklqana
Kikubaaqudgha
Makhleb
Nemelex Xobeh
Okawaru
Qazlal
Ru
Sif Muna
Trog
Uskayaw
Vehumet
Wu Jian
Xom
Zin

Shops:
D:6 ?

Annotations:
D:8 Grum


Innate Abilities, Weirdness & Mutations

((You can breathe waves of freezing cold.))
((You can buffet flying creatures when you breathe cold.))
((Your icy white scales are hard. (AC +7)))
You cannot fit into any form of body armour.
((Your flesh is cold resistant. (rC+)))
((You are cold-blooded and may be slowed by cold attacks.))


Message History

Grum hits you with a -1 spear.
* * * LOW HITPOINT WARNING * * *
You hit Grum but do no damage.
Grum is severely wounded.
The wolf completely misses you. Grum barely misses you.
The wolf barely misses you.
You hit Grum but do no damage.
Grum is severely wounded.
The wolf bites you.
* * * LOW HITPOINT WARNING * * *
Grum hits you with a -1 spear.
* * * LOW HITPOINT WARNING * * *
You fade into invisibility!
The wolf completely misses you. You block the wolf's attack.
Grum completely misses you. Grum misses you. The wolf barely misses you.
The wolf closely misses you. You block the wolf's attack. The wolf bites you!
You die...

#....#
#.#.###....######
.................
#.#.###../.##########
#.................#
###...#.g.........#
#.$.#...........#
#.......
#...#....h......#
#.......
....###...s÷....#
#....... #####
#.........# #.......
#.........# #.......
#.........# #.......
#.........# #.......
#.........# #.......
#.........# ######.#
##.........# #......
............# #.###.#


You could see Grum and a wolf.

Vanquished Creatures
  Pikel (D:4)
  Menkaure (D:4)
  2 ice beasts
  2 sky beasts
  A black bear (D:8)
  3 slaves (D:4)
  A necrophage (D:7)
  An orc warrior (D:5)
  A wolf (D:8)
  A centaur (D:6)
  Blork the orc (D:4)
  3 bullfrogs
  A scorpion (D:5)
  2 howler monkeys
  2 crimson imps
  2 hounds
  8 orc wizards
  2 orc priests
  3 centaur skeletons
  An iguana (D:4)
  2 worker ants
  13 adders
  A howler monkey skeleton (D:6)
  An adder skeleton (D:2)
  2 worms
  2 dart slugs
  6 leopard geckos
  23 orcs
  5 bats
  6 giant cockroaches
  9 goblins
  5 hobgoblins (D:3)
  3 quokkas
  A ball python (D:3)
  8 frilled lizards
  5 kobolds
  A leopard gecko zombie (D:6)
  A quokka skeleton (D:6)
  3 rats
136 creatures vanquished.

Vanquished Creatures (others)
  An orc priest (D:4)
1 creature vanquished.

Grand Total: 137 creatures vanquished

Notes
Turn   | Place    | Note
-------+----------+-------------------------------------------
     0 | D:1      | potatosalad14 the Draconian Transmuter began the quest for
                  | the Orb.
     0 | D:1      | Reached XP level 1. HP: 16/16 MP: 3/3
   291 | D:1      | Reached XP level 2. HP: 22/23 MP: 3/5
   295 | D:1      | Learned a level 2 spell: Sticks to Snakes
   793 | D:2      | Reached XP level 3. HP: 26/28 MP: 4/6
   798 | D:2      | Learned a level 3 spell: Spider Form
  1720 | D:2      | Reached skill level 1 in Poison Magic
  1720 | D:2      | Reached XP level 4. HP: 35/36 MP: 5/7
  3077 | D:4      | Reached XP level 5. HP: 39/41 MP: 8/8
  3088 | D:4      | Noticed Blork the orc
  3105 | D:4      | Killed Blork the orc
  3207 | D:4      | Noticed a slave
  3207 | D:4      | Noticed a slave
  3208 | D:4      | Noticed a slave
  3208 | D:4      | Noticed Pikel
  3211 | D:4      | Noticed a slave
  3287 | D:4      | Killed a slave
  3302 | D:4      | Killed Pikel
  3302 | D:4      | Reached XP level 6. HP: 21/51 MP: 5/10
  3302 | D:4      | Your scales start taking on an icy white colour.
  3302 | D:4      | Reached XP level 7. HP: 24/57 MP: 5/11
  3302 | D:4      | Gained mutation: Your flesh is cold resistant. (rC+) [White
                  | Draconian growth]
  3479 | D:3      | Learned a level 4 spell: Ice Form
  3511 | D:4      | Noticed Menkaure
  3527 | D:4      | Killed Menkaure
  3527 | D:4      | Reached skill level 5 in Unarmed Combat
  3527 | D:4      | Reached skill level 1 in Ice Magic
  3841 | D:4      | Found an iron altar of Okawaru.
  3887 | D:4      | Became a worshipper of Warmaster Okawaru
  4074 | D:4      | Found a stormy altar of Qazlal.
  4306 | D:5      | Entered Level 5 of the Dungeon
  4318 | D:5      | Found a hide-covered altar of Uskayaw.
  4363 | D:5      | Reached XP level 8. HP: 52/63 MP: 9/12
  4390 | D:5      | Found a bloodstained altar of Trog.
  4404 | D:5      | Noticed a +3 hand axe
  4405 | D:5      | Noticed a +4 hand axe
  4422 | D:5      | Found a hide-covered altar of Uskayaw.
  4723 | D:5      | Reached skill level 1 in Invocations
  4939 | D:5      | Reached skill level 5 in Transmutations
  4943 | D:5      | Found a staircase to the Ecumenical Temple.
  5128 | Temple   | Entered the Ecumenical Temple
  5562 | D:6      | Reached * piety under Okawaru
  6083 | D:6      | Found Ubul's Magic Scroll Boutique.
  6086 | D:6      | Bought a scroll of fear for 38 gold pieces
  6086 | D:6      | Bought a scroll of identify for 22 gold pieces
  6321 | D:7      | Found a snail-covered altar of Cheibriados.
  6612 | D:7      | Reached XP level 9. HP: 44/71 MP: 11/14
  6622 | D:7      | Found an opulent altar of Gozag.
  6777 | D:7      | Reached ** piety under Okawaru
  7021 | D:8      | Found a white marble altar of Elyvilon.
  7237 | D:8      | Noticed Grum
  7252 | D:8      | HP: 1/72 [Grum/-1 spear (3)]
  7259 | D:8      | Mangled by a wolf

Skill      XL: |  1  2  3  4  5  6  7  8  9 |
---------------+----------------------------+-----
Dodging        | 2 3 4 |  4.0
Poison Magic   | 1 3 4 |  4.0
Fighting       | 2 3 4 |  4.4
Transmutations | 3 4 5 6 |  6.0
Unarmed Combat | 4 5 6 |  6.5
Spellcasting   | 3 4 |  4.0
Ice Magic      | 1 4 |  4.8
Invocations    | 2 |  2.7

Action                   |  1- 3 |  4- 6 |  7- 9 || total
-------------------------+-------+-------+-------++-------
Melee: Unarmed           |   104 |   146 |   305 ||   555
       Kick              |     7 |     5 |     2 ||    14
       Tailslap          |    10 |    12 |    20 ||    42
       Headbutt          |     5 |       |     1 ||     6
       Punch             |       |       |     6 ||     6
 Cast: Beastly Appendage |    21 |     7 |     6 ||    34
       Spider Form       |       |     7 |    20 ||    27
       Sticks to Snakes  |       |     4 |       ||     4
  Use: Scroll            |       |     6 |     5 ||    11
       Potion            |       |       |     2 ||     2
 Stab: Sleeping          |     1 |     1 |     3 ||     5
  Eat: Chunk             |     3 |     3 |    12 ||    18
       Ration            |       |     1 |     1 ||     2
Armor: Skin              |    25 |    41 |    64 ||   130
Dodge: Dodged            |    58 |    96 |   219 ||   373
Block: Other             |       |       |    12 ||    12
